 Dungeon Crawl Stone Soup version 0.30.0-5-g1a98f26d00 (webtiles) character file.

Game seed: 1010796642465712755

58 hawla the Firebug (level 4, -1/33 HPs)
             Began as a Meteoran Fire Elementalist on May 12, 2023.
             Slain by a black bear (4 damage)
             ... on level 4 of the Dungeon.
             The game lasted 00:02:14 (367 turns).

hawla the Firebug (Meteoran Fire Elementalist)       Turns: 367, Time: 00:02:15

Health: -1/33      AC:  2    Str:  9    XL:     4   Next: 43%
Magic:  10/10      EV: 13    Int: 18    God:
Gold:   49         SH:  0    Dex: 15    Spells: 2/9 levels left

rFire   . . .        e - +0 long sword
rCold   . . .        (no shield)
rNeg    . . .        a - +0 robe
rPois   .            (no helmet)
rElec   .            (no cloak)
rCorr   .            (no gloves)
SInv    .            (no boots)
Will    .....        (no amulet)
Stlth   +            (no ring)
HPRegen 0.25/turn    (no ring)
MPRegen 0.12/turn

%: no passive effects
@: glowing
A: sense surroundings 1, otherworldly, glowing, explore regen
a: no special abilities


You were on level 4 of the Dungeon.
You visited 1 branch of the dungeon, and saw 4 of its levels.

You collected 49 gold pieces.

Inventory:

Hand Weapons
 e - a +0 long sword (weapon)
Armour
 a - a +0 robe (worn)
Jewellery
 h - a +6 ring of strength
Scrolls
 c - a scroll of enchant weapon {unknown}
 d - a scroll of enchant armour {unknown}
 g - a scroll of identify {unknown}


   Skills:
 - Level 0.1 Fighting
 - Level 0.2 Long Blades
 - Level 2.7 Dodging
 - Level 1.4 Stealth
 - Level 3.3 Spellcasting
 + Level 2.3 Conjurations
 - Level 4.6 Fire Magic


You had 2 spell levels left.
You knew the following spells:

 Your Spells              Type           Power      Damage    Failure   Level
a - Foxfire               Conj/Fire      60%        2x1d7     3%          1
b - Scorch                Fire           38%        2d6       3%          2
c - Flame Wave            Conj/Fire      15%        2d7       36%         4

Your spell library contained the following spells:

 Spells                   Type           Power      Damage    Failure   Level
 Summon Small Mammal      Summ           12%        N/A       16%         1
 Inner Flame              Hex/Fire       11%        N/A       19%         3
 Volatile Blastmotes      Fire/Tloc      22%        2d11      19%         3
 Call Canine Familiar     Summ           3%         N/A       43%         3
 Summon Guardian Golem    Hex/Summ       3%         N/A       43%         3


Dungeon Overview and Level Annotations

Branches:
Dungeon (4/15) Zot: 2028
 Temple: D:4-7

Altars:
Hepliaklqana

Annotations:
D:4 Sigmund


Innate Abilities, Weirdness & Mutations

You passively map a small area around you.
You are easily found by Zot.
You glow in the dark.
You regain HP and MP as you explore.


Message History

The foxfire hits the black bear.
The black bear is burned terribly!
The black bear is moderately wounded.
The foxfire hits the black bear.
The black bear is burned terribly!
The black bear is heavily wounded.
Casting: Scorch (safe; 3% risk of failure)
Confirm with . or Enter, or press ? or * to list all spells.
Flames lash the black bear.
The black bear is burned terribly!
The black bear is heavily wounded.
The black bear bites you.
The black bear claws you but does no damage.
The black bear claws you.
Sigmund the Dreaded comes into view.
He is wielding a +0 scythe.
A worm comes into view.
Casting: Scorch (safe; 3% risk of failure)
Confirm with . or Enter, or press ? or * to list all spells.
Flames lash the black bear.
The black bear is burned terribly!
The black bear is almost dead.
Sigmund points at you and mumbles some strange words.
You are confused.
The black bear goes berserk!
You're too confused to cast spells.
The black bear bites you but does no damage.
The black bear barely misses you. The black bear closely misses you.
You're too confused to cast spells.
Sorry, you're not good enough to have a special ability.
It was a potion of curing.
You feel better. The black bear bites you. The black bear misses you. x2
Casting: Scorch (safe; 3% risk of failure)
Confirm with . or Enter, or press ? or * to list all spells.
Flames lash Sigmund.
Sigmund is moderately wounded.
Sigmund's fire resistance burns away.
The black bear bites you. The black bear claws you. The black bear misses you.
Sigmund hits you from afar with a +0 scythe!
The black bear bites you!
* * * LOW HITPOINT WARNING * * *
The black bear misses you. x2
Magic courses through your body. The black bear misses you.
The black bear completely misses you. The black bear claws you.
You die...

, , * ##. * ** , ,....
, ., * ... #w. *###.# ,
#....#..##+###..... *
#...[#............# ,
#........@........# ,
#..........[.....#
#.........@h.....#
*................#
##............#
#######.......######
*#.....#.......$... ,
+.....##'##.......#
,####.....##.##.......#
........#..##.......# .
#.....#..##.......#


You could see a black bear (berserk, combustible), Sigmund (combustible) and a
worm.

Vanquished Creatures
  A jelly (D:4)
  An adder (D:4)
  A ball python (D:2)
  3 endoplasms (D:2)
  3 goblins
  A hobgoblin (D:4)
  A quokka (D:2)
  10 frilled lizards (D:2)
21 creatures vanquished.

Vanquished Creatures (others)
  37 foxfires
37 creatures vanquished.

Grand Total: 58 creatures vanquished

Notes
Turn   | Place    | Note
-------+----------+-------------------------------------------
     0 | D:1      | hawla the Meteoran Fire Elementalist began the quest for
                  | the Orb.
     0 | D:1      | Reached XP level 1. HP: 14/14 MP: 5/5
   162 | D:2      | Reached XP level 2. HP: 20/20 MP: 1/6
   164 | D:2      | Reached skill level 4 in Fire Magic
   224 | D:2      | Reached XP level 3. HP: 26/26 MP: 6/8
   227 | D:2      | Learned a level 2 spell: Scorch
   275 | D:3      | Found a hazy altar of Hepliaklqana.
   298 | D:4      | Reached XP level 4. HP: 33/33 MP: 3/10
   303 | D:4      | Learned a level 4 spell: Flame Wave
   357 | D:4      | Noticed a black bear
   362 | D:4      | Noticed Sigmund
   367 | D:4      | Slain by a black bear

Illustrated notes

Levels and vault maps discovered:
D:1:      dpeg_arrival_simpleton_b, layout_basic,
          hangedman_decor_clover_reticule, minmay_misc_feat_square,
          hex_intersection
D:2:      layout_loops_ring, serial_shops, nicolae_shop_trees,
          minmay_lizard_pond
D:3:      layout_basic, nicolae_overflow_hidden_temple
D:4:      layout_basic, uniq_menkaure, uniq_natasha, uniq_crazy_yiuf_cottage,
          uniq_sigmund

Skill      XL: |  1  2  3  4 |
---------------+-------------+-----
Fire Magic     | 4 |  4.6
Spellcasting   | 3 |  3.3
Conjurations   | 2 |  2.3
Fighting       | |  0.1
Long Blades    | |  0.2
Dodging        | |  2.7
Stealth        | |  1.4

Action                     |  1- 3 |  4- 6 || total
---------------------------+-------+-------++-------
  Melee: Long sword        |     9 |     4 ||    13
         Punch             |     1 |       ||     1
   Cast: Foxfire           |    17 |     7 ||    24
         Scorch            |     2 |     4 ||     6
    Use: Potion            |       |     2 ||     2
 Armour: Robe              |     8 |     2 ||    10
  Dodge: Dodged            |     5 |    16 ||    21
